 Dungeon Crawl Stone Soup version 0.24-a0-584-g9d6b971ae4 (webtiles) character file.

Game seed: 13765831269205901645, levelgen mode: deterministic

8775 Peloso the Carver (level 11, -1/95 HPs)
             Began as a Minotaur Fighter on Sept 6, 2019.
             Was an Elder of Okawaru.
             Slain by a troll (6 damage)
             ... on level 11 of the Dungeon.
             The game lasted 00:22:20 (10948 turns).

Peloso the Carver (Minotaur Fighter)               Turns: 10948, Time: 00:22:21

Health: -1/95      AC: 18    Str: 22    XL:     11   Next: 14%
Magic:  9/10       EV:  8    Int:  5    God:    Okawaru [****..]
Gold:   299        SH: 13    Dex: 12    Spells: 10/10 levels left

rFire    + . .     SeeInvis .   a - +3 long sword of the Wasp {slice, rElec}
rCold    . . .     Gourm    +   c - +1 shield
rNeg     + . .     Faith    .   y - +1 chain mail {rC+}
rPois    .         Spirit   .   (helmet restricted)
rElec    +         Reflect  .   (no cloak)
rCorr    .         Harm     .   C - +2 pair of gloves
MR       .....                  G - +1 pair of boots {Fly}
Stlth    ..........             k - amulet of the gourmand
HPRegen  0.25/turn              j - ring of positive energy
MPRegen  0.12/turn              D - ring of fire

@: lethally poisoned (-1 -> -5), flying, drained
A: retaliatory headbutt, horns 2
a: Heroism, Renounce Religion, Stop Flying


You were on level 11 of the Dungeon.
You worshipped Okawaru.
Okawaru was greatly pleased with you.
You were not hungry.

You visited 2 branches of the dungeon, and saw 12 of its levels.

You collected 731 gold pieces.
You spent 432 gold pieces at shops.

Inventory:

Hand Weapons
 a - the +3 long sword of the Wasp (weapon) {slice, rElec}
   (You found it on level 4 of the Dungeon)

   It inflicts extra damage upon your enemies.
   It insulates you from electricity.
 b - a +2 short sword of flaming
Armour
 c - a +1 shield (worn)
 y - a +1 chain mail of cold resistance (worn)
 C - a +2 pair of gloves (worn)
 G - a +1 pair of boots of flying (worn)
Jewellery
 j - a ring of positive energy (left hand)
 k - an amulet of the gourmand (around neck)
 p - an uncursed ring of fire
 s - an uncursed ring of positive energy
 z - an uncursed amulet of magic regeneration
 B - an uncursed amulet of harm
 D - a ring of fire (right hand)
Wands
 o - a wand of random effects (30)
 x - a wand of digging (5)
 A - a wand of clouds (4)
 F - a wand of polymorph (11)
Scrolls
 e - 3 scrolls of enchant weapon
 g - 4 scrolls of teleportation
 l - 2 scrolls of blinking
 m - 3 scrolls of enchant armour
 q - 2 scrolls of fear
 w - 2 scrolls of remove curse
 H - a scroll of holy word {unknown}
 I - a scroll of magic mapping
Potions
 d - 2 potions of might
 h - 6 potions of curing
 i - 2 potions of cancellation
 n - 2 potions of invisibility
 r - a potion of flight
 t - 2 potions of heal wounds
 u - 2 potions of berserk rage
 v - 2 potions of agility
 E - 2 potions of mutation {unknown}
 J - a potion of ambrosia {unknown}
Comestibles
 f - 26 rations


   Skills:
 + Level 8.8(7.9) Fighting
 + Level 12.5(11.5) Long Blades
 + Level 10.2(9.2) Armour
 + Level 3.6(2.8) Dodging
 + Level 0.5(0.0) Stealth
 + Level 10.5(9.6) Shields
 + Level 0.7(0.0) Invocations


You had 10 spell levels left.
You didn't know any spells.
Your spell library contained the following spells:

 Spells                   Type           Power        Failure   Level  Hunger
 Animate Skeleton         Necr           N/A          100%        1    ##.....
 Apportation              Tloc           #.....       100%        1    ##.....
 Confusing Touch          Hex            #.....       100%        1    ##.....
 Summon Small Mammal      Summ           #...         100%        1    ##.....


Dungeon Overview and Level Annotations

Branches:
Dungeon (11/15)            Temple (1/1) D:6            Lair (0/6) D:8
    Orc: D:9-12

Altars:
Ashenzari
Dithmenos
Elyvilon
Fedhas
Gozag
Hepliaklqana
Kikubaaqudgha
Makhleb
Nemelex Xobeh
Okawaru
Qazlal
Ru
Sif Muna
Trog
Vehumet
Wu Jian
Xom
Yredelemnul
Zin
The Shining One

Shops:
D:4 (   D:7 (   D:9 }   D:10 ?%*[

Portals:
Gauntlet: D:11

Annotations:
D:7 1 runed translucent door


Innate Abilities, Weirdness & Mutations

You reflexively headbutt those who attack you in melee.
You have a pair of horns on your head.


Message History

You block the centaur warrior skeleton's attack.
The troll bites you!
* * * LOW HITPOINT WARNING * * *
You block the troll's attack. The troll claws you.
* * * LOW HITPOINT WARNING * * *
You hit the troll. Your headbutt misses the troll.
The troll is severely wounded.
You feel sick.
The centaur warrior skeleton hits you but does no damage.
You block the troll's attack. x2; The troll misses you.
Unknown command.
You hit the troll.
The troll is severely wounded.
You feel like a meek peon again.
You feel sick.
The centaur warrior skeleton hits you but does no damage.
The troll bites you!
* * * LOW HITPOINT WARNING * * *
You block the troll's attack. The troll claws you.
You die...

,**,***,..#......###,..#
*,*,,,,,Z.......<..#...#
,,,,**,,.......(.....#.#
,,,,**,,.........<.T...#
**,,,,,,........####...#*
*,,,,**,..........#.....#*
,,*,**,,#................*
,,*,*,,,#......†ZT......,*
,,*,,,,,........@.#.....,*
,,,,,,,,.....#...?#.....,**
,,,,,,,,?..####.........,,***
,,,,,,,,...,,,#.........,,,,*
,,,,,,,,,,,,,,.....##.#.,,,**
,,,,,,,,,,,,,...##.#**#*,***
,,,,,,,,,,,,,(..,*## ***
,,,,,,,,,,,,...(,,,*
>,,,,,,,,,,,,,,,,,,*


You could see a troll and a centaur warrior skeleton.

Vanquished Creatures
  Harold (D:8)
  A two-headed ogre (D:10)
  A death yak (D:8)
  An unseen horror (D:9)
  A queen bee (D:8)
  2 hippogriffs (D:8)
  5 wraiths (D:8)
  2 basilisks (D:8)
  A hungry ghost (D:8)
  Duvessa (D:6)
  3 ice beasts
  A hornet zombie (D:5)
  A wolf (D:6)
  5 ogres
  5 centaurs
  6 bullfrogs
  3 gnoll sergeants
  Dowan (D:6)
  A water moccasin zombie (D:5)
  5 scorpions
  18 killer bees
  3 wights (D:9)
  3 howler monkeys
  3 crimson imps
  A quasit (D:9)
  5 hounds
  2 jellies (D:7)
  2 orc priests (D:5)
  2 gnoll shamans (D:6)
  4 iguanas
  4 orc wizards
  2 centaur skeletons
  Jessica (D:2)
  Ijyb (D:3)
  6 worker ants
  2 hound skeletons
  2 worker ant zombies
  18 gnolls
  A howler monkey skeleton (D:5)
  10 adders
  3 shadow imps
  2 oozes
  An adder skeleton (D:4)
  An adder zombie (D:6)
  2 worms
  A dart slug (D:1)
  3 leopard geckos
  27 orcs
  10 bats
  5 giant cockroaches
  14 goblins
  12 hobgoblins
  17 jackals
  9 kobolds
  5 quokkas
  5 ball pythons
  A ball python zombie (D:5)
  6 frilled lizards
  7 rats
268 creatures vanquished.

Vanquished Creatures (others)
  A plant (D:2)
1 creature vanquished.

Grand Total: 269 creatures vanquished

Notes
Turn   | Place    | Note
-------+----------+-------------------------------------------
     0 | D:1      | Peloso the Minotaur Fighter began the quest for the Orb.
     0 | D:1      | Reached XP level 1. HP: 19/19 MP: 0/0
   184 | D:1      | Reached XP level 2. HP: 20/27 MP: 1/1
   312 | D:1      | Reached XP level 3. HP: 21/33 MP: 2/2
   742 | D:2      | Reached skill level 3 in Long Blades
   887 | D:2      | Noticed Jessica
   896 | D:2      | Killed Jessica
   896 | D:2      | Reached XP level 4. HP: 23/40 MP: 3/3
  1024 | D:2      | Noticed an angel
  1025 | D:2      | Found a shimmering altar of Xom.
  1025 | D:2      | Found a glowing silver altar of Zin.
  1073 | D:2      | Reached skill level 4 in Long Blades
  1804 | D:3      | Reached XP level 5. HP: 46/47 MP: 4/4
  2022 | D:3      | Noticed an ogre
  2056 | D:4      | Got a faintly glowing long sword
  2057 | D:4      | Identified the +3 long sword of the Wasp {slice, rElec}
                  | (You found it on level 4 of the Dungeon)
  2180 | D:4      | Reached skill level 5 in Long Blades
  2285 | D:4      | Found Ykenox's Antique Weapon Shop.
  2386 | D:4      | Reached skill level 5 in Shields
  2386 | D:4      | Reached XP level 6. HP: 53/53 MP: 5/5
  2415 | D:4      | Reached skill level 5 in Armour
  2817 | D:3      | Noticed Ijyb
  2831 | D:3      | Killed Ijyb
  3146 | D:3      | Found a radiant altar of Vehumet.
  3552 | D:2      | Found a stormy altar of Qazlal.
  3598 | D:5      | Entered Level 5 of the Dungeon
  3612 | D:5      | Reached skill level 5 in Fighting
  3612 | D:5      | Reached skill level 6 in Long Blades
  3612 | D:5      | Reached XP level 7. HP: 45/61 MP: 6/6
  3837 | D:5      | Reached skill level 1 in Dodging
  3920 | D:5      | Reached skill level 7 in Long Blades
  3942 | D:5      | Reached XP level 8. HP: 30/68 MP: 7/7
  4135 | D:5      | Found a blossoming altar of Fedhas.
  4206 | D:5      | Reached skill level 8 in Long Blades
  5287 | D:5      | Found a shimmering blue altar of Sif Muna.
  5340 | D:6      | Found a staircase to the Ecumenical Temple.
  5359 | D:6      | Found a shimmering altar of Xom.
  5381 | Temple   | Entered the Ecumenical Temple
  5435 | Temple   | Became a worshipper of Warmaster Okawaru
  5491 | D:6      | Found an opulent altar of Gozag.
  5584 | D:6      | Reached skill level 9 in Long Blades
  5948 | D:6      | Noticed Duvessa
  5951 | D:6      | Noticed Dowan
  5955 | D:6      | Killed Duvessa
  5955 | D:6      | Reached * piety under Okawaru
  5955 | D:6      | Reached XP level 9. HP: 74/75 MP: 8/8
  5964 | D:6      | Killed Dowan
  6510 | D:7      | Found a bloodstained altar of Trog.
  6566 | D:7      | Found an ornate altar of the Wu Jian Council.
  6568 | D:7      | Found a hazy altar of Hepliaklqana.
  6591 | D:7      | Found a glowing golden altar of the Shining One.
  6591 | D:7      | Found a runed translucent door.
  6591 | D:7      | Noticed an angel
  6610 | D:7      | Reached skill level 10 in Long Blades
  6768 | D:7      | Reached ** piety under Okawaru
  6872 | D:7      | Found Wach's Weapon Shoppe.
  7120 | D:8      | Found an ancient bone altar of Kikubaaqudgha.
  7188 | D:8      | Found the +5 scythe "Finisher" {speed, eviscerate}
  7200 | D:8      | Reached *** piety under Okawaru
  7208 | D:8      | Reached skill level 11 in Long Blades
  7208 | D:8      | Reached XP level 10. HP: 41/86 MP: 9/9
  7430 | D:8      | Noticed Harold
  7437 | D:8      | Killed Harold
  7594 | D:8      | Reached **** piety under Okawaru
  8063 | D:8      | Found a staircase to the Lair.
  8063 | D:8      | Noticed a death yak
  8356 | D:8      | Killed a death yak
  8356 | D:8      | Reached skill level 12 in Long Blades
  8356 | D:8      | Reached skill level 10 in Shields
  9019 | D:9      | Found Urenukhlexex's Gadget Emporium.
  9279 | D:9      | Killed an unseen horror
  9279 | D:9      | Reached skill level 10 in Armour
  9518 | D:9      | Found a stormy altar of Qazlal.
  9922 | D:10     | Entered Level 10 of the Dungeon
  9986 | D:10     | Found Kamum's Magic Scroll Shop.
  9996 | D:10     | Reached XP level 11. HP: 95/95 MP: 10/10
 10007 | D:10     | Bought a scroll of remove curse for 39 gold pieces
 10007 | D:10     | Bought a scroll of magic mapping for 45 gold pieces
 10007 | D:10     | Bought a scroll of magic mapping for 45 gold pieces
 10007 | D:10     | Bought a scroll of teleportation for 39 gold pieces
 10055 | D:10     | Found Kideim's Food Shop.
 10081 | D:10     | Found a shadowy altar of Dithmenos.
 10165 | D:10     | Found Xunokh's Armour Boutique.
 10181 | D:10     | Bought a +1 pair of boots of flying for 264 gold pieces
 10250 | D:10     | Found Caddor's Assorted Antiques.
 10285 | D:10     | Noticed a two-headed ogre
 10294 | D:10     | Killed a two-headed ogre
 10923 | D:11     | Found a gate leading to a gauntlet.
 10948 | D:11     | Slain by a troll

Levels and vault maps discovered:
D:1:      dpeg_arrival_ternary, layout_loops_ring, minmay_tromino_v2
D:2:      layout_basic, grunt_temple_overflow_order_and_chaos_1,
          nicolae_overflow_hidden_temple, serial_co_window_serial,
          co_window_paths_b, co_window_corner_a, co_window_paths_a,
          co_window_of_opportunity_a, co_window_paths_b, co_window_paths_a,
          co_window_of_opportunity_b, co_window_unsneaky_path_c,
          co_window_2corner, co_window_broadway_a, co_window_broadway_c,
          co_window_unsneaky_path_c, co_window_cross_3, serial_bayou_lagoon_a,
          wad_floor_pattern_untrapped, uniq_jessica
D:3:      kennysheep_goblin_castle, layout_basic, marbit_many_paths,
          first_ration, minmay_goblin_outpost
D:4:      layout_loops_cross, serial_shops, nicolae_shop_behind_doors
D:5:      layout_cave_pods, kennysheep_mini_moat, kennysheep_little_box,
          lightli_ossuary_entry_decrepit_ruins, serial_column_ruins,
          column_ruins_hut, column_ruins_corridor_straight,
          column_ruins_open_small, column_ruins_open_tiny,
          column_ruins_columns_water, column_ruins_open_small,
          kennysheep_generic_room_4
D:6:      layout_cave_pools, overflow_temple_1_default,
          minmay_temple_entry_crystal_x, serial_gnoll_camp,
          gnoll_camp_mini_sergeant, gnoll_camp_medium_01,
          gnoll_camp_mini_loothouse, gnoll_camp_mini_house, kennysheep_path_1,
          lemuel_tele_altar, uniq_duvessa
D:7:      layout_basic, overflow_temple_1_default,
          chequers_temple_overflow_statue_of_worship, serial_shops, shop,
          lemuel_angel_altar
D:8:      layout_loops_ring, lemuel_doored_altar, david_lair_generic,
          david_nohive_1, supply_closet_lemuel, minmay_guarded_unrand_finisher,
          uniq_harold
D:9:      layout_loops_ring, serial_shops, shop_coins, grunt_qazlal_sundering
D:10:     layout_irregular_city, serial_shops, shop, shop,
          nicolae_shop_overgrown_old_shop, nicolae_shop_stone,
          nicolae_dithmenos_the_darkroom
D:11:     layout_cave_pools, gauntlet_entry_generic, serial_glass,
          glass_columns_b, glass_columns_b, serial_shops, kennysheep_mini,
          nicolae_elemental_shop
Temple:   jpeg_temple_clearing

Skill      XL: |  1  2  3  4  5  6  7  8  9 10 |
---------------+-------------------------------+-----
Armour         | 4 5 6 7 8 10 | 10.2
Shields        | 4 5 6 7 8 10 | 10.5
Fighting       | 4 5 6 7 8 |  8.8
Long Blades    | 3 4 5 6 7 9 11 12 | 12.5
Dodging        | 1 2 3 |  3.6
Stealth        | |  0.5
Invocations    | |  0.7

Action                   |  1- 3 |  4- 6 |  7- 9 | 10-12 || total
-------------------------+-------+-------+-------+-------++-------
Melee: Long sword        |    82 |   212 |   251 |   213 ||   758
       Headbutt          |     7 |    32 |    51 |    45 ||   135
Invok: Heroism           |       |       |       |     2 ||     2
  Use: Scroll            |       |       |     9 |     6 ||    15
       Potion            |       |       |       |     2 ||     2
  Eat: Chunk             |       |     4 |    19 |    15 ||    38
       Ration            |       |     1 |       |       ||     1
Armor: Scale mail        |    34 |       |       |       ||    34
       Chain mail        |    10 |   120 |   116 |   169 ||   415
Dodge: Dodged            |    40 |    37 |    77 |    91 ||   245
Block: Shield            |    64 |   105 |   166 |   181 ||   516
       Rpst.: Long sword |     9 |     8 |    14 |    29 ||    60

Table legend:
 A = Non-vault XP
 B = Vault XP
 C = Vault XP percentage of total XP
 D = Non-vault monster count
 E = Vault monster count
 F = Vault count percentage of total count
                 A         B        C        D         E       F
            +---------+---------+-------+---------+---------+-------
      Total |    7015 |    5521 |  44.0 |     202 |      66 |  24.6
            +---------+---------+-------+---------+---------+-------
        D:1 |      58 |       4 |   6.5 |      30 |       2 |   6.2
        D:2 |      84 |      37 |  30.6 |      27 |       1 |   3.6
        D:3 |     177 |      63 |  26.2 |      23 |      16 |  41.0
        D:4 |     275 |       0 |   0.0 |      15 |       0 |   0.0
        D:5 |    1211 |       0 |   0.0 |      34 |       0 |   0.0
        D:6 |     574 |     844 |  59.5 |      10 |      22 |  68.8
        D:7 |     941 |       0 |   0.0 |      15 |       0 |   0.0
        D:8 |     733 |    4573 |  86.2 |      13 |      25 |  65.8
        D:9 |    1381 |       0 |   0.0 |      20 |       0 |   0.0
       D:10 |    1173 |       0 |   0.0 |       8 |       0 |   0.0
       D:11 |     408 |       0 |   0.0 |       7 |       0 |   0.0
            +---------+---------+-------+---------+---------+-------
